PL
FT. WORTH CATTLEMEN @ PORTLAND EVERGREENS
09/25/2031
 
TOP OF THE 1ST
Ft. Worth Cattlemen batting - Pitching for Portland Evergreens : LHP Jesús Medina
Pitching: LHP Jesús Medina
Batting: LHB Jesús Morales 0-0: Ground out 1-3 (Groundball, P)
Batting: RHB Jesús Martínez 0-0: Ball
1-0: Fly out, F4 (Popup, 4)
Batting: RHB Bart Lewis 0-0: Called Strike
0-1: SINGLE (Line Drive, 9S)
Batting: RHB Gilberto Juárez 0-0: Ball
1-0: Ball
2-0: Foul Ball, location: 2F
2-1: Ball
3-1: Swinging Strike
3-2: Ground out 3-1 (Groundball, 34S)
Top of the 1st over - 0 runs, 1 hit, 0 errors, 1 left on base; Ft. Worth 0 - Portland 0
BOTTOM OF THE 1ST
Portland Evergreens batting - Pitching for Ft. Worth Cattlemen : RHP Nicholas Wells
Pitching: RHP Nicholas Wells
Batting: SHB Willie McGirt 0-0: Foul Ball, location: 2F
0-1: Ball
1-1: Called Strike
1-2: Ball
2-2: Ball
3-2: Foul Ball, location: 2F
3-2: Base on Balls
Batting: LHB John Ennis 0-0: Ball
Pickoff Throw to First - Error! E1
Willie McGirt to second
1-0: Called Strike
1-1: Called Strike
1-2: Ball
2-2: Ball
3-2: SINGLE (Line Drive, 34D)
Willie McGirt to third
Batting: SHB Billy Dotson 0-0: Ball
1-0: Foul Ball, location: 2F
1-1: Foul Ball, location: 2F
1-2: Foul Ball, location: 2F
1-2: Strikes out swinging
Batting: LHB Chris Payling 0-0: Ground out 5-3 (Groundball, 2L)
Willie McGirt scores
John Ennis to second
Batting: RHB Tae-cho Han 0-0: Ball
1-0: Ball
2-0: Fly out, F7 (Line Drive, 78S)
Bottom of the 1st over - 1 run, 1 hit, 1 error, 1 left on base; Ft. Worth 0 - Portland 1
TOP OF THE 2ND
Ft. Worth Cattlemen batting - Pitching for Portland Evergreens : LHP Jesús Medina
Batting: LHB Rick Mayfield 0-0: Ball
1-0: Ball
2-0: Foul Ball, location: 2F
2-1: Ball
3-1: Base on Balls
Batting: SHB Javier Vázquez 0-0: Called Strike
0-1: Foul Ball, location: 2F
0-2: Ball
1-2: Ball
Rick Mayfield steals 2nd base
2-2: Foul Ball, location: 2F
2-2: Ball
3-2: Fly out, F3 (Popup, 3L)
Batting: SHB Roberto Mosca 0-0: Ball
1-0: Called Strike
1-1: SINGLE (Line Drive, 6MD)
Rick Mayfield to third
Runner from 3rd tries for Home, SAFE, no throw
Batting: LHB Chris Etheridge 0-0: Called Strike
0-1: Ball
1-1: Fielders Choice at 2nd, 4-6 (Groundball, 34)
Batting: SHB Robby Day 0-0: Swinging Strike
0-1: Fly out, F8 (Flyball, 78XD)
Top of the 2nd over - 1 run, 1 hit, 0 errors, 1 left on base; Ft. Worth 1 - Portland 1
BOTTOM OF THE 2ND
Portland Evergreens batting - Pitching for Ft. Worth Cattlemen : RHP Nicholas Wells
Batting: LHB Dewitt Hopper 0-0: Ground out U3 (Groundball, 3L)
Batting: RHB Nelson Jaramillo 0-0: Called Strike
0-1: Foul Ball, location: 2F
0-2: Ball
1-2: Strikes out swinging
Batting: LHB Adrián Gómez 0-0: Called Strike
0-1: Swinging Strike
0-2: Ball
1-2: Ball
2-2: Ball
3-2: Foul Ball, location: 2F
3-2: Strikes out looking
Bottom of the 2nd over - 0 runs, 0 hits, 0 errors, 0 left on base; Ft. Worth 1 - Portland 1
TOP OF THE 3RD
Ft. Worth Cattlemen batting - Pitching for Portland Evergreens : LHP Jesús Medina
Batting: LHB Jesús Morales 0-0: Ball
1-0: Swinging Strike
1-1: Ball
2-1: SINGLE (Flyball, 89S)
Batting: RHB Jesús Martínez 0-0: Ball
1-0: Grounds into double play, 6-4-3 (Groundball, 6)
Batting: RHB Bart Lewis 0-0: Foul Ball, location: 2F
0-1: Ball
1-1: Swinging Strike
1-2: Hit by Pitch
Batting: RHB Gilberto Juárez 0-0: Called Strike
0-1: SINGLE (Line Drive, 56D)
Bart Lewis to second
Batting: LHB Rick Mayfield 0-0: Called Strike
0-1: Swinging Strike
0-2: Foul Ball, location: 2F
0-2: Strikes out swinging
Top of the 3rd over - 0 runs, 2 hits, 0 errors, 2 left on base; Ft. Worth 1 - Portland 1
BOTTOM OF THE 3RD
Portland Evergreens batting - Pitching for Ft. Worth Cattlemen : RHP Nicholas Wells
Batting: RHB Chet Hollis 0-0: Called Strike
0-1: Called Strike
0-2: SINGLE (Groundball, 56S) (infield hit)
Batting: SHB Willie McGirt 0-0: Ball
1-0: Called Strike
1-1: Called Strike
1-2: Ball
2-2: SINGLE (Flyball, 9LS)
Chet Hollis to second
Runner from 2nd tries for 3rd, SAFE, no throw
Batting: LHB John Ennis 0-0: Ball
1-0: Called Strike
1-1: Ball
2-1: Foul Ball, location: 2F
2-2: Foul Ball, location: 2F
2-2: Foul Ball, location: 2F
2-2: Fly out, F7 (Flyball, 7D)
Runner from 3rd tags up, SCORES, throw made
Batting: SHB Billy Dotson 0-0: SINGLE (Groundball, 4D)
Willie McGirt to second
Runner from 2nd tries for 3rd, SAFE, throw made to third
Batting: LHB Chris Payling 0-0: SINGLE (Line Drive, 56)
Willie McGirt scores
Billy Dotson to second
Batting: RHB Tae-cho Han 0-0: Ball
1-0: Called Strike
1-1: DOUBLE (Flyball, 78XD)
Billy Dotson scores
Chris Payling to third
Runner from 3rd tries for Home, SAFE, no throw
Batting: LHB Dewitt Hopper 0-0: Foul Ball, location: 2F
0-1: Called Strike
0-2: Ball
1-2: Foul Ball, location: 2F
1-2: Ball
2-2: Strikes out swinging
Batting: RHB Nelson Jaramillo 0-0: SINGLE (Flyball, 5D)
Tae-cho Han to third
Runner from 3rd tries for Home, SAFE, no throw
Pitching: RHP Enrique Cortéz
Batting: LHB Adrián Gómez 0-0: Ball
1-0: Called Strike
1-1: Ball
2-1: Fly out, F9 (Flyball, 9LM)
Bottom of the 3rd over - 5 runs, 6 hits, 0 errors, 1 left on base; Ft. Worth 1 - Portland 6
TOP OF THE 4TH
Ft. Worth Cattlemen batting - Pitching for Portland Evergreens : LHP Jesús Medina
Batting: SHB Javier Vázquez 0-0: Ball
1-0: Foul Ball, location: 2F
1-1: Ball
2-1: Ball
3-1: Foul Ball, location: 2F
3-2: Foul Ball, location: 2F
3-2: Foul Ball, location: 2F
3-2: SINGLE (Groundball, 4MD)
Batting: SHB Roberto Mosca 0-0: Ball
1-0: Ball
2-0: Ball
3-0: Called Strike
3-1: Swinging Strike
3-2: DOUBLE (Groundball, 3L)
Javier Vázquez to third
Javier Vázquez scores
Batting: LHB Chris Etheridge 0-0: Foul Ball, location: 2F
0-1: Ball
1-1: Foul Ball, location: 2F
1-2: Ball
2-2: SINGLE (Flyball, 9S)
Roberto Mosca to third
Runner from 3rd tries for Home, SAFE, no throw
Batting: SHB Robby Day 0-0: Ball
1-0: Called Strike
1-1: Ball
2-1: Called Strike
2-2: Ball
3-2: Ground out 5-3 (Groundball, 56)
Chris Etheridge to second
Batting: LHB Jesús Morales 0-0: Called Strike
0-1: Ground out 4-3 (Groundball, 4)
Chris Etheridge to third
Batting: RHB Jesús Martínez 0-0: Ball
1-0: Swinging Strike
1-1: Ball
2-1: Ground out 4-3 (Groundball, 4S)
Top of the 4th over - 2 runs, 3 hits, 0 errors, 1 left on base; Ft. Worth 3 - Portland 6
BOTTOM OF THE 4TH
Portland Evergreens batting - Pitching for Ft. Worth Cattlemen : RHP Enrique Cortéz
Batting: RHB Chet Hollis 0-0: Called Strike
0-1: Fly out, F9 (Line Drive, 9)
Batting: SHB Willie McGirt 0-0: Called Strike
0-1: Ball
1-1: Foul Ball, location: 2F
1-2: Ball
2-2: Foul Ball, location: 2F
2-2: Ball
3-2: Base on Balls
Batting: LHB John Ennis 0-0: Ball
1-0: Ball
2-0: Ball
3-0: Base on Balls
Willie McGirt to second
Batting: SHB Billy Dotson 0-0: Ball
1-0: Fly out, F7 (Line Drive, 7)
Batting: LHB Chris Payling 0-0: Foul Ball, location: 2F
0-1: Ball
1-1: Ball
2-1: DOUBLE (Line Drive, 8RXD)
Willie McGirt scores
John Ennis to third
Runner from 3rd tries for Home, SAFE, no throw
Batting: RHB Tae-cho Han 0-0: Called Strike
0-1: Ball
1-1: SINGLE (Line Drive, 8LS)
Chris Payling to third
Runner from 3rd tries for Home, SAFE, no throw
Pitching: RHP Oliver Huerta
Batting: LHB Dewitt Hopper 0-0: Called Strike
0-1: Ball
1-1: Ball
2-1: Called Strike
2-2: Foul Ball, location: 2F
2-2: Strikes out swinging
Bottom of the 4th over - 3 runs, 2 hits, 0 errors, 1 left on base; Ft. Worth 3 - Portland 9
TOP OF THE 5TH
Ft. Worth Cattlemen batting - Pitching for Portland Evergreens : LHP Jesús Medina
Batting: RHB Bart Lewis 0-0: Called Strike
0-1: Ball
1-1: Ball
2-1: Foul Ball, location: 2F
2-2: SINGLE (Line Drive, 5D)
Batting: RHB Gilberto Juárez 0-0: Ball
1-0: Called Strike
1-1: Foul Ball, location: 2F
1-2: Ball
2-2: Foul Ball, location: 2F
2-2: Foul Ball, location: 2F
2-2: Hit by Pitch
Bart Lewis to second
Batting: LHB Rick Mayfield 0-0: Called Strike
0-1: Ball
1-1: Fly out, F8 (Line Drive, 8RD)
Batting: SHB Javier Vázquez 0-0: Called Strike
0-1: Ball
1-1: Foul Ball, location: 2F
1-2: Ball
2-2: Ball
3-2: Reached on error, E4 (Groundball, 4)
Bart Lewis to third
Gilberto Juárez to second
Pitching: LHP Bob Mullinax
Batting: SHB Roberto Mosca 0-0: Called Strike
0-1: Foul Ball, location: 2F
0-2: Foul Ball, location: 2F
0-2: Ball
1-2: Strikes out swinging
Batting: LHB Chris Etheridge 0-0: Ball
1-0: Ground out 4-3 (Groundball, 4M)
Top of the 5th over - 0 runs, 1 hit, 1 error, 3 left on base; Ft. Worth 3 - Portland 9
BOTTOM OF THE 5TH
Portland Evergreens batting - Pitching for Ft. Worth Cattlemen : RHP Oliver Huerta
Batting: RHB Nelson Jaramillo 0-0: Called Strike
0-1: Fly out, F8 (Flyball, 8RD)
Batting: LHB Adrián Gómez 0-0: Ball
1-0: Swinging Strike
1-1: Fly out, F8 (Flyball, 8LM)
Batting: RHB Chet Hollis 0-0: Called Strike
0-1: Called Strike
0-2: Ball
1-2: Ball
2-2: Ball
3-2: SINGLE (Line Drive, 89M)
Batting: SHB Willie McGirt 0-0: Called Strike
0-1: Foul Ball, location: 2F
0-2: Ground out 4-3 (Groundball, 4)
Bottom of the 5th over - 0 runs, 1 hit, 0 errors, 1 left on base; Ft. Worth 3 - Portland 9
TOP OF THE 6TH
Ft. Worth Cattlemen batting - Pitching for Portland Evergreens : LHP Bob Mullinax
Batting: SHB Robby Day 0-0: SINGLE (Line Drive, 8LS)
Batting: LHB Jesús Morales 0-0: Ball
1-0: Called Strike
1-1: Ball
2-1: Ball
3-1: SINGLE (Groundball, 4) (infield hit)
Robby Day to second
Batting: RHB Jesús Martínez 0-0: Ball
1-0: Foul Ball, location: 2F
1-1: Ball
2-1: Ball
3-1: Fly out, F8 (Flyball, 89M)
Batting: RHB Bart Lewis 0-0: Ball
1-0: Foul Ball, location: 2F
1-1: Swinging Strike
1-2: Ball
2-2: Foul Ball, location: 2F
2-2: Strikes out swinging
Batting: RHB Gilberto Juárez 0-0: Called Strike
0-1: Ground out 5-3 (Groundball, 56S)
Top of the 6th over - 0 runs, 2 hits, 0 errors, 2 left on base; Ft. Worth 3 - Portland 9
BOTTOM OF THE 6TH
Portland Evergreens batting - Pitching for Ft. Worth Cattlemen : RHP Oliver Huerta
Batting: LHB John Ennis 0-0: Ball
1-0: Ball
2-0: Ball
3-0: Base on Balls
Batting: SHB Billy Dotson 0-0: Called Strike
0-1: Foul Ball, location: 2F
0-2: Ball
1-2: Foul Ball, location: 2F
1-2: Fly out, F8 (Flyball, 8LM)
Batting: LHB Chris Payling 0-0: Ball
1-0: Ground out U3 (Groundball, 34S)
John Ennis to second
Batting: RHB Tae-cho Han 0-0: Ball
1-0: Called Strike
1-1: Swinging Strike
1-2: Ball
2-2: Fly out, F8 (Flyball, 8RS)
Bottom of the 6th over - 0 runs, 0 hits, 0 errors, 1 left on base; Ft. Worth 3 - Portland 9
TOP OF THE 7TH
Ft. Worth Cattlemen batting - Pitching for Portland Evergreens : LHP Bob Mullinax
Now at 1B: Rob Gray
Now at SS: Gabriel Díaz
Batting: LHB Rick Mayfield 0-0: Called Strike
0-1: Ball
1-1: Ball
2-1: Called Strike
2-2: Ball
3-2: Ground out 4-3 (Groundball, 4)
Batting: SHB Javier Vázquez 0-0: Called Strike
0-1: Foul Ball, location: 2F
0-2: Strikes out looking
Batting: SHB Roberto Mosca 0-0: Swinging Strike
0-1: Foul Ball, location: 2F
0-2: Ball
1-2: Ball
2-2: Foul Ball, location: 2F
2-2: Strikes out swinging
Top of the 7th over - 0 runs, 0 hits, 0 errors, 0 left on base; Ft. Worth 3 - Portland 9
BOTTOM OF THE 7TH
Portland Evergreens batting - Pitching for Ft. Worth Cattlemen : RHP Oliver Huerta
Batting: LHB Dewitt Hopper 0-0: Ball
1-0: Swinging Strike
1-1: Ball
2-1: Fly out, F9 (Line Drive, 9)
Batting: RHB Nelson Jaramillo 0-0: Fly out, F8 (Flyball, 8LM)
Batting: LHB Adrián Gómez 0-0: Swinging Strike
0-1: Ball
1-1: Ball
2-1: Fly out, F8 (Flyball, 8RXD)
Bottom of the 7th over - 0 runs, 0 hits, 0 errors, 0 left on base; Ft. Worth 3 - Portland 9
TOP OF THE 8TH
Ft. Worth Cattlemen batting - Pitching for Portland Evergreens : LHP Bob Mullinax
Now at C: Carlos Cardona
Now in LF: Wei-qiang Mo
Batting: LHB Chris Etheridge 0-0: Called Strike
0-1: Foul Ball, location: 2F
0-2: Ball
1-2: Ground out 5-3 (Groundball, 15)
Batting: SHB Robby Day 0-0: Foul Ball, location: 2F
0-1: Ground out 6-3 (Groundball, 6)
Batting: LHB Jesús Morales 0-0: Ground out 1-3 (Groundball, 13S)
Top of the 8th over - 0 runs, 0 hits, 0 errors, 0 left on base; Ft. Worth 3 - Portland 9
BOTTOM OF THE 8TH
Portland Evergreens batting - Pitching for Ft. Worth Cattlemen : RHP Oliver Huerta
Batting: RHB Chet Hollis 0-0: Ground out 6-3 (Groundball, 6)
Batting: SHB Willie McGirt 0-0: Called Strike
0-1: Called Strike
0-2: Foul Ball, location: 2F
0-2: Ball
1-2: Ball
2-2: Ball
3-2: DOUBLE (Groundball, 3L)
Batting: RHB Rob Gray 0-0: Foul Ball, location: 2F
0-1: Called Strike
0-2: Ball
1-2: Strikes out swinging
Batting: LHB Gabriel Díaz 0-0: Ball
1-0: Ball
2-0: Fly out, F9 (Flyball, 89D)
Bottom of the 8th over - 0 runs, 1 hit, 0 errors, 1 left on base; Ft. Worth 3 - Portland 9
TOP OF THE 9TH
Ft. Worth Cattlemen batting - Pitching for Portland Evergreens : LHP Bob Mullinax
Batting: RHB Jesús Martínez 0-0: Ball
1-0: Called Strike
1-1: Ball
2-1: Fly out, F9 (Flyball, 9S)
Batting: RHB Bart Lewis 0-0: Called Strike
0-1: Ball
1-1: Foul Ball, location: 2F
1-2: Strikes out looking
Batting: RHB Gilberto Juárez 0-0: Foul Ball, location: 2F
0-1: Swinging Strike
0-2: SINGLE (Groundball, 6D)
Batting: LHB Rick Mayfield 0-0: Foul Ball, location: 2F
0-1: Ball
1-1: SINGLE (Groundball, 3) (infield hit)
Gilberto Juárez to second
Batting: SHB Javier Vázquez 0-0: Foul Ball, location: 2F
0-1: Foul Ball, location: 2F
0-2: SINGLE (Groundball, 34D)
Gilberto Juárez to third
Rick Mayfield to second
Batting: SHB Roberto Mosca 0-0: Ground out 6-3 (Groundball, 56)
Top of the 9th over - 0 runs, 3 hits, 0 errors, 3 left on base; Ft. Worth 3 - Portland 9
Tuesday, June 12th, 2018 - OOTP Baseball 18.8 Build 76